 Dungeon Crawl Stone Soup version 0.20.1-1-g8b1a95d (webtiles) character file.

85 dohliylev the Sneak (level 4, -17/30 HPs)
             Began as a Vampire Enchanter on Dec 13, 2017.
             Demolished by a gnoll
             ... wielding a +0 halberd
              (18 damage)
             ... on level 2 of the Dungeon.
             The game lasted 00:04:22 (1659 turns).

dohliylev the Sneak (Vampire Enchanter)             Turns: 1659, Time: 00:04:23

Health: -17/30     AC:  2    Str:  7    XL:     4   Next: 25%
Magic:  1/7        EV: 13    Int: 17    God:
Gold:   60         SH:  0    Dex: 15    Spells: 4/7 levels left

rFire    . . .     SeeInvis +   a - +1 dagger (elec)
rCold    . . .     Gourm    .   (no shield)
rNeg     + . .     Faith    .   b - +0 robe
rPois    .         Spirit   .   (no helmet)
rElec    .         Reflect  .   (no cloak)
rCorr    .         Harm     .   (no gloves)
MR       .....                  (no boots)
Stlth    ++++......             (no amulet)
Regen    0.1/turn               (no ring)
MPRegen  0.1/turn               (no ring)

@: very slightly contaminated
A: fangs 3, see invisible, unbreathing
a: Bat Form


You were on level 2 of the Dungeon.
You were not thirsty.

You visited 1 branch of the dungeon, and saw 2 of its levels.

You collected 60 gold pieces.

Inventory:

Hand Weapons
 a - a +1 dagger of electrocution (weapon)
Armour
 b - a +0 robe (worn)
Jewellery
 h - a cursed ring of teleportation {unknown}
Scrolls
 f - a scroll of teleportation {unknown}
 i - a scroll of remove curse {unknown}
 j - a scroll of identify {unknown}
 k - a scroll of enchant armour {unknown}
 n - a scroll of noise {unknown}
Potions
 d - 9 potions of blood
 e - a potion of agility {unknown}
 g - a potion of might {unknown}
 l - 3 potions of curing {unknown}
 m - a potion of lignification {unknown}
Books
 c - a book of Maledictions

   Spells                             Type                      Level
   a - Corona                         Hexes                        1
   b - Ensorcelled Hibernation        Hexes/Ice                    2
   c - Confuse                        Hexes                        3
   d - Tukima's Dance                 Hexes                        3
   e - Dazzling Spray                 Conjuration/Hexes            3


   Skills:
 - Level 1.1 Short Blades
 - Level 2.1 Dodging
 - Level 7.2 Stealth
 + Level 2.1 Spellcasting
 + Level 4.8 Hexes
 + Level 0.8 Ice Magic


You had 4 spell levels left.
You knew the following spells:

 Your Spells              Type           Power        Failure   Level  Hunger
a - Corona                Hex            ###....      2%          1    #......
b - Ensorcelled Hibernat  Hex/Ice        ##....       9%          2    ###....


Dungeon Overview and Level Annotations

Branches:
Dungeon (2/15)

Altars:


Innate Abilities, Weirdness & Mutations

You have razor-sharp teeth.
You have supernaturally acute eyesight. (SInv)
You can survive without breathing.


Message History

The gnoll hits you with a halberd!
You barely miss the gnoll. The gnoll hits you with a halberd.
You hit the gnoll.
The gnoll is lightly wounded.
The gnoll hits you with a halberd!
* * * LOW HITPOINT WARNING * * *
You closely miss the gnoll. Your bite misses the gnoll.
The gnoll is lightly wounded.
Casting: Corona
Confirm with . or Enter, or press ? or * to list all spells.
Aiming: Ensorcelled Hibernation
Press: ? - help, Shift-Dir - straight line, f/p - gnoll
Aim: a gnoll, wielding a halberd (lightly wounded, chance to defeat MR: 50%)
The gnoll resists with some effort.
The gnoll barely misses you.
The gnoll hits you from afar with a halberd!
* * * LOW HITPOINT WARNING * * *
There is a stone staircase leading up here.
The gnoll hits you from afar with a halberd!!
Ouch! That really hurt!
You die...

.....#....................#
........#.....##).........#
..............#.......#####
....#####...).........#
....# ##.............#
....# #..............## ..
#K######..g....## ..
#...........###
#.###.@.......## #.
#..........## ..
#...........# ##
#...........# #...........#
##.........## ##...#...##
#########


You could see a gnoll.

Vanquished Creatures
  Terence (D:2)
  2 gnolls (D:2)
  An adder (D:2)
  A worm (D:2)
  A leopard gecko (D:1)
  A giant cockroach (D:1)
  5 hobgoblins
  3 jackals (D:1)
  6 bats
  A frilled lizard (D:1)
  2 goblins
  A kobold (D:1)
  5 rats (D:1)
30 creatures vanquished.

Notes
Turn   | Place    | Note
-------+----------+-------------------------------------------
     0 | D:1      | dohliylev the Vampire Enchanter began the quest for the Orb.
     0 | D:1      | Reached XP level 1. HP: 13/13 MP: 3/3
   147 | D:1      | Reached skill level 5 in Stealth
   433 | D:1      | Reached XP level 2. HP: 17/19 MP: 5/5
   439 | D:1      | Learned a level 2 spell: Ensorcelled Hibernation
  1066 | D:2      | Reached skill level 6 in Stealth
  1300 | D:2      | Reached XP level 3. HP: 24/24 MP: 6/6
  1309 | D:2      | Noticed Terence
  1318 | D:2      | Killed Terence
  1318 | D:2      | Reached skill level 7 in Stealth
  1620 | D:2      | Reached XP level 4. HP: 30/30 MP: 4/7
  1658 | D:2      | HP: 1/30 [gnoll/halberd (7)]
  1659 | D:2      | Demolished by a gnoll

Skill      XL: |  1  2  3 |
---------------+----------+-----
Stealth        | 5 6 7 |  7.2
Short Blades   | |  1.1
Dodging        | |  2.1
Spellcasting   | |  2.1
Hexes          | |  4.8
Ice Magic      | |  0.8

Action                   |  1- 3 |  4- 6 || total
-------------------------+-------+-------++-------
Melee: Dagger            |    46 |     4 ||    50
 Cast: Corona            |     2 |       ||     2
       Ensorcelled Hiber |    18 |     3 ||    21
 Stab: Sleeping          |    21 |     1 ||    22
  Eat: Corpse            |     5 |       ||     5
Armor: Robe              |    13 |       ||    13
Dodge: Dodged            |    31 |     1 ||    32
